 Dungeon Crawl Stone Soup version 0.30.0-10-gfe55d96785 (webtiles) character file.

Game seed: 13587892019745451107

186 garrulousMonolith the Slasher (level 5, -1/43 HPs)
             Began as a Gnoll Reaver on May 16, 2023.
             Slain by a gnoll sergeant
             ... wielding a +1 spear of freezing
              (10 damage)
             ... on level 4 of the Dungeon.
             The game lasted 00:03:20 (2575 turns).

garrulousMonolith the Slasher (Gnoll Reaver)        Turns: 2575, Time: 00:03:21

Health: -1/43      AC:  6    Str: 17    XL:     5   Next: 66%
Magic:  12/12      EV: 13    Int: 15    God:
Gold:   328        SH: 10    Dex: 10    Spells: 11/14 levels left

rFire   . . .        x - +3 flail of Instinct {heavy, *Noise rElec rPois}
rCold   . . .        d - +0 tower shield
rNeg    . . .        f - +0 ring mail
rPois   +            (no helmet)
rElec   +            p - +0 cloak
rCorr   .            (no gloves)
SInv    .            (no boots)
Will    .....        (no amulet)
Stlth   +            s - +5 ring of evasion
HPRegen 0.27/turn    q - +6 ring of strength
MPRegen 0.13/turn

%: no passive effects
@: no status effects
A: fangs 1, strong nose, distributed training
a: no special abilities


You were on level 4 of the Dungeon.
You visited 1 branch of the dungeon, and saw 4 of its levels.

You collected 328 gold pieces.

Inventory:

Hand Weapons
 a - a +0 falchion
 x - the +3 flail of Instinct (weapon) {heavy, *Noise rElec rPois}
   (You found it on level 4 of the Dungeon)

   rElec:     It insulates you from electricity.
   rPois:     It protects you from poison.
   *Noise:    It may make noises in combat.
Missiles
 y - a throwing net
Armour
 b - a +0 leather armour
 d - a +0 tower shield (worn)
 f - a +0 ring mail (worn)
 p - a +0 cloak (worn)
Jewellery
 o - a ring of protection from cold
 q - a +6 ring of strength (right hand)
 s - a +5 ring of evasion (left hand)
Scrolls
 c - a scroll of fear {unknown}
 e - a scroll of immolation {unknown}
 g - a scroll of silence {unknown}
 i - a scroll of enchant armour {unknown}
 j - a scroll of vulnerability {unknown}
 l - 5 scrolls of teleportation
 m - 2 scrolls of identify
 v - a scroll of poison {unknown}
 w - a scroll of amnesia {unknown}
Potions
 h - a potion of haste {unknown}
 k - a potion of invisibility {unknown}
 n - 2 potions of might {unknown}
 r - a potion of brilliance
 t - a potion of ambrosia {unknown}
 u - a potion of lignification {unknown}


   Skills:
 + Level 4.8 Fighting
 + Level 1.6 Short Blades
 + Level 6.7 Long Blades
 + Level 1.6 Axes
 + Level 1.6 Maces & Flails
 + Level 1.6 Polearms
 + Level 1.6 Staves
 + Level 1.6 Ranged Weapons
 + Level 1.6 Throwing
 + Level 1.6 Armour
 + Level 4.8 Dodging
 + Level 1.6 Stealth
 + Level 1.6 Shields
 + Level 1.6 Unarmed Combat
 + Level 5.2 Spellcasting
 + Level 5.6 Conjurations
 + Level 1.3 Hexes
 + Level 1.3 Summonings
 + Level 1.3 Necromancy
 + Level 1.3 Translocations
 + Level 1.3 Transmutations
 + Level 1.3 Fire Magic
 + Level 1.3 Ice Magic
 + Level 1.3 Air Magic
 + Level 1.3 Earth Magic
 + Level 1.3 Poison Magic
 + Level 1.9 Invocations
 + Level 1.6 Evocations


You had 11 spell levels left.
You knew the following spells:

 Your Spells              Type           Power      Damage    Failure   Level
a - Kiss of Death         Conj/Necr      56%        2d9       63%         1
b - Momentum Strike       Conj/Tloc      28%        3d8       77%         2

Your spell library contained the following spells:

 Spells                   Type           Power      Damage    Failure   Level
 Hailstorm                Conj/Ice       14%        3d5       94%         3
 Poisonous Vapours        Pois/Air       14%        N/A       97%         2
 Mephitic Cloud           Conj/Pois/Air  12%        N/A       98%         3
 Freezing Cloud           Conj/Ice/Air   6%         6-21      100%        5


Dungeon Overview and Level Annotations

Branches:
Dungeon (4/15)
 Temple: D:4-7

Altars:
Gozag
Ru
Xom
The Shining One


Innate Abilities, Weirdness & Mutations

You have very sharp teeth.
Your uncanny sense of smell can sniff out nearby items.
Your experience applies equally to all skills.


Message History

The gnoll sergeant hits you from afar with a +1 spear of freezing.
The gnoll sergeant freezes you.
You are too injured to fight recklessly!
You are too injured to fight recklessly!
You are too injured to fight recklessly!
You are too injured to fight recklessly!
You are too injured to fight recklessly!
You are too injured to fight recklessly!
You are too injured to fight recklessly!
You are too injured to fight recklessly!
You are too injured to fight recklessly!
You are too injured to fight recklessly!
You are too injured to fight recklessly!
You are too injured to fight recklessly!
You are too injured to fight recklessly!
You are too injured to fight recklessly!
You are too injured to fight recklessly!
You are too injured to fight recklessly!
You are too injured to fight recklessly!
The gnoll sergeant hits you with a +1 spear of freezing.
The gnoll sergeant freezes you.
Items here: ( )) ††.
You hit the gnoll sergeant.
The gnoll sergeant is lightly wounded.
You block the gnoll sergeant's attack.
The gnoll sergeant hits you but does no damage.
You hit the gnoll sergeant.
The gnoll sergeant is moderately wounded.
You block the gnoll sergeant's attack.
The gnoll sergeant hits you with a +1 spear of freezing.
The gnoll sergeant freezes you.
The gnoll sergeant hits you with a +1 spear of freezing!
* * * LOW HITPOINT WARNING * * *
The gnoll sergeant freezes you.
* * * LOW HITPOINT WARNING * * *
You hit the gnoll sergeant.
The gnoll sergeant is heavily wounded.
The gnoll sergeant misses you.
The gnoll sergeant hits you with a +1 spear of freezing!
You die...

### #.#
#########.###########
#.........#..@gggg...
#.#######.#.#########
#.# #.#.#### ####.#
#.#....# .....#
#.####.# ####.##
#......# ......#
#####+.# ......# .###
####### ##.


You could see a gnoll sergeant and 3 gnolls.

Vanquished Creatures
  An orc wizard (D:2)
  9 gnolls
  2 adders
  2 worms
  4 orcs
  4 bats
  4 endoplasms
  2 giant cockroaches
  5 goblins
  4 hobgoblins
  3 quokkas
  7 ball pythons
  3 frilled lizards
  4 kobolds
  A rat (D:3)
55 creatures vanquished.

Notes
Turn   | Place    | Note
-------+----------+-------------------------------------------
     0 | D:1      | garrulousMonolith the Gnoll Reaver began the quest for the
                  | Orb.
     0 | D:1      | Reached XP level 1. HP: 20/20 MP: 6/6
    97 | D:1      | Reached XP level 2. HP: 22/26 MP: 7/7
   790 | D:1      | Learned a level 2 spell: Momentum Strike
   838 | D:2      | Reached skill level 5 in Spellcasting
   838 | D:2      | Reached skill level 1 in Invocations
   838 | D:2      | Reached XP level 3. HP: 21/31 MP: 7/9
   888 | D:2      | Reached skill level 1 in Short Blades
   888 | D:2      | Reached skill level 1 in Axes
   888 | D:2      | Reached skill level 1 in Maces & Flails
   888 | D:2      | Reached skill level 1 in Polearms
   888 | D:2      | Reached skill level 1 in Staves
   888 | D:2      | Reached skill level 1 in Ranged Weapons
   888 | D:2      | Reached skill level 1 in Throwing
   888 | D:2      | Reached skill level 1 in Armour
   888 | D:2      | Reached skill level 1 in Stealth
   888 | D:2      | Reached skill level 1 in Shields
   888 | D:2      | Reached skill level 1 in Unarmed Combat
   888 | D:2      | Reached skill level 1 in Evocations
   956 | D:2      | Found a glowing golden altar of the Shining One.
  1593 | D:3      | Reached XP level 4. HP: 33/38 MP: 11/11
  1619 | D:3      | Found an opulent altar of Gozag.
  1679 | D:2      | Reached skill level 1 in Hexes
  1679 | D:2      | Reached skill level 1 in Summonings
  1679 | D:2      | Reached skill level 1 in Necromancy
  1679 | D:2      | Reached skill level 1 in Translocations
  1679 | D:2      | Reached skill level 1 in Transmutations
  1679 | D:2      | Reached skill level 1 in Fire Magic
  1679 | D:2      | Reached skill level 1 in Ice Magic
  1679 | D:2      | Reached skill level 1 in Air Magic
  1679 | D:2      | Reached skill level 1 in Earth Magic
  1679 | D:2      | Reached skill level 1 in Poison Magic
  1831 | D:2      | HP: 1/38 [gnoll/+0 spear (7)]
  2067 | D:3      | Reached XP level 5. HP: 43/43 MP: 12/12
  2173 | D:3      | You fall into a shaft and drop 1 floor!
  2246 | D:3      | Found a shimmering altar of Xom.
  2257 | D:3      | Found a sacrificial altar of Ru.
  2471 | D:4      | Identified the +3 flail of Instinct {heavy, *Noise rElec
                  | rPois}
  2575 | D:4      | Slain by a gnoll sergeant

Illustrated notes

Levels and vault maps discovered:
D:1:      dpeg_arrival_tiny_g, layout_basic, minmay_misc_feat_nine_boxes,
          minmay_misc_feat_roman, grunt_decor_cap
D:2:      layout_loops_cross, basic_altar, dreamdust_wishing_well
D:3:      layout_basic, mainiacjoe_overflow_catwalk,
          mainiacjoe_overflow_big_doors, nicolae_grassy_gnolls
D:4:      layout_basic, mainiacjoe_overflow_swirl

Skill      XL: |  1  2  3  4 |
---------------+-------------+-----
Spellcasting   | 5 |  5.2
Invocations    | 1 |  1.9
Short Blades   | 1 |  1.6
Axes           | 1 |  1.6
Maces & Flails | 1 |  1.6
Polearms       | 1 |  1.6
Staves         | 1 |  1.6
Ranged Weapons | 1 |  1.6
Throwing       | 1 |  1.6
Armour         | 1 |  1.6
Stealth        | 1 |  1.6
Shields        | 1 |  1.6
Unarmed Combat | 1 |  1.6
Evocations     | 1 |  1.6
Hexes          | 1 |  1.3
Summonings     | 1 |  1.3
Necromancy     | 1 |  1.3
Translocations | 1 |  1.3
Transmutations | 1 |  1.3
Fire Magic     | 1 |  1.3
Ice Magic      | 1 |  1.3
Air Magic      | 1 |  1.3
Earth Magic    | 1 |  1.3
Poison Magic   | 1 |  1.3
Fighting       | |  4.8
Long Blades    | |  6.7
Dodging        | |  4.8
Conjurations   | |  5.6

Action                     |  1- 3 |  4- 6 || total
---------------------------+-------+-------++-------
  Melee: Falchion          |   114 |    87 ||   201
         Bite              |     5 |    10 ||    15
         Flail             |       |    15 ||    15
    Use: Scroll            |     5 |       ||     5
         Potion            |       |     3 ||     3
 Armour: Leather armour    |    12 |       ||    12
         Ring mail         |    38 |    20 ||    58
  Dodge: Dodged            |    26 |    62 ||    88
  Block: Tower shield      |    57 |    86 ||   143
